Map: Frozen Temple

Players

Miszu

  • Race: Terran Terran
  • League: Master

llllllllllll - Winner!

  • Race: Terran Terran
  • League: Grandmaster

VOD

Have the link to the VOD?

Description

Time

  • Played on: April 25, 2016, 3:53 p.m.
  • Length: 4:35
Show
View Real Time Build Order
Export as new Build Order

Miszu Terran 

Build Orders: 1/1/1 

Get SALT Encoding   

  12  0:00  SCV  
  13  0:13  SCV  
  14  0:18  Supply Depot  
  14  0:25  SCV  
  15  0:39  SCV  
  16  0:44  Barracks  
  16  0:47  Refinery  
  16  0:50  Refinery  
  16  0:54  SCV  
  17  1:06  SCV  
  18  1:18  SCV  
  20  1:33  Factory, Orbital Command  
  20  1:34  Marine  
  20  1:51  Supply Depot  
  20  1:52  Marine  
  21  1:58  SCV  
  22  2:10  SCV  
  22  2:12  Marine  
  24  2:17  Hellion  
  24  2:20  Starport  
  25  2:25  SCV  
  26  2:30  Marine  
  27  2:38  Hellion  
  27  2:44  Supply Depot  
  29  2:46  SCV  
  29  2:48  Marine  
  31  3:05  Medivac, Widow Mine, SCV  
  36  3:09  Supply Depot  
  36  3:10  Marine  
  37  3:29  Barracks Reactor  
  37  3:34  Factory Tech Lab  
  37  3:35  Starport Tech Lab  
  37  3:40  SCV  
  38  3:44  Command Center  
  38  3:53  Supply Depot  
  28  4:15  SCV  
Show
View Real Time Build Order
Export as new Build Order

llllllllllll Terran - Winner!

Build Orders: 1/1/1 

Get SALT Encoding   

  12  0:00  SCV  
  13  0:13  SCV  
  14  0:18  Supply Depot  
  14  0:25  SCV  
  14  0:27  Refinery  
  15  0:39  SCV  
  16  0:45  Barracks  
  16  0:51  Refinery  
  16  0:56  SCV  
  17  1:08  SCV  
  18  1:20  SCV  
  19  1:33  Factory, Reaper, SCV  
  21  1:45  Orbital Command  
  21  1:52  Supply Depot  
  21  2:05  Reaper  
  22  2:12  SCV  
  23  2:21  Starport  
  23  2:22  Hellion  
  25  2:25  SCV  
  26  2:32  Supply Depot  
  26  2:37  Reaper, SCV  
  26  2:44  Hellion  
  30  2:49  SCV  
  30  2:51  Supply Depot  
  31  2:57  Medivac  
  35  3:05  Hellion  
  35  3:09  Reaper  
  35  3:10  SCV  
  37  3:27  Viking  
  37  3:30  Factory Tech Lab  
  39  3:38  Command Center  
  39  3:41  Barracks Reactor  
  39  3:49  Cyclone  
  42  3:57  Supply Depot  
  42  4:02  Viking  
Tags
 
Add a new tag
Caveats
  • Supply blocks, unpowered buildings, or Contaminate may cause inaccurate times.
  • Supply counts are checked every 10 seconds.